 Dungeon Crawl Stone Soup version 0.18.1-50-g88ac8fd (webtiles) character file.

93 magog001 the Stinger (level 4, 0/24 HPs)
             Began as a Tengu Venom Mage on May 28, 2018.
             Succumbed to an adder's poison
             ... on level 2 of the Dungeon.
             The game lasted 00:16:31 (2971 turns).

magog001 the Stinger (Tengu Venom Mage)             Turns: 2971, Time: 00:16:31

Health: 0/24       AC:  2    Str:  9    XL:     4   Next: 61%
Magic:  2/9        EV: 13    Int: 16    God:
Gold:   97         SH:  0    Dex: 14    Spells: 3 memorised, 2 levels left

rFire  . . .     SeeInvis .     (no weapon)
rCold  . . .     Gourm    .     a - +0 robe
rNeg   . . .     Faith    .     (no shield)
rPois  .         Spirit   .     (helmet restricted)
rElec  .         Dismiss  .     (no cloak)
rCorr  .         Reflect  .     (no gloves)
SustAt .         Harm     .     (boots unavailable)
MR     .....                    (no amulet)
Stlth  ++........               (no ring)
                                (no ring)

@: lethally poisoned (0 -> -2), not resistant to hostile enchantments,
unstealthy
A: beak, talons 3
a: no special abilities


You were on level 2 of the Dungeon.
You were not hungry.

You visited 1 branch of the dungeon, and saw 3 of its levels.

You collected 97 gold pieces.

Inventory:

Missiles
 g - 29 sling bullets
 h - 2 javelins (quivered)
 i - 56 stones
Armour
 a - a +0 robe (worn)
Wands
 s - a wand of lightning (7/15)
Scrolls
 d - a scroll of immolation {unknown}
 j - 2 scrolls of identify {unknown}
 k - a scroll of teleportation {unknown}
 r - a scroll of remove curse
Potions
 e - a potion of curing {unknown}
 l - a potion of degeneration {unknown}
 m - a potion of heal wounds {unknown}
 o - a potion of mutation {unknown}
 p - a potion of might {unknown}
Books
 b - a Young Poisoner's Handbook

   Spells                             Type                      Level
   a - Sting                          Conjuration/Poison           1
   b - Cure Poison                    Poison                       2
   c - Mephitic Cloud                 Conjuration/Poison/Air       3
   d - Olgreb's Toxic Radiance        Poison                       4
   e - Venom Bolt                     Conjuration/Poison           5
 q - a book of Unlife

   Spells                             Type                      Level
   a - Recall                         Summoning/Translocation      3
   b - Animate Dead                   Necromancy                   4
   c - Control Undead                 Necromancy                   4
   d - Cigotuvi's Embrace             Necromancy                   5
   e - Death Channel                  Necromancy                   6
   f - Simulacrum                     Ice/Necromancy               6
Comestibles
 c - a bread ration
 f - a meat ration
 n - a slice of pizza
 t - 2 fruits


   Skills:
 + Level 0.2 Fighting
 + Level 2.5 Dodging
 + Level 2.0 Stealth
 + Level 2.6 Spellcasting
 + Level 2.2 Conjurations
 + Level 4.9 Poison Magic


You had 2 spell levels left.
You knew the following spells:

 Your Spells              Type           Power        Failure   Level  Hunger
a - Sting                 Conj/Pois      ##..         6%          1    #......
b - Mephitic Cloud        Conj/Pois/Air  #.......     21%         3    ###....
c - Cure Poison           Pois           ###.......   4%          2    ##.....


Dungeon Overview and Level Annotations

Branches:
Dungeon (3/15)

Altars:
Zin


Innate Abilities, Weirdness & Mutations

You have a beak for a mouth.
You have claws for feet.


Message History

The adder completely misses you. A mysterious force pulls you upwards.
The hatch slams shut behind you.
You feel sick. The adder misses you. The adder bites you.
* * * LOW HITPOINT WARNING * * *
Casting: Sting
Confirm with . or Enter, or press ? or * to list all spells.
Aiming: Sting
Press: ? - help, Shift-Dir - straight line, f - adder
Aim: an adder (lightly wounded)
The sting misses the adder.
* * * LOW HITPOINT WARNING * * *
You feel sick. The adder bites you.
* * * LOW HITPOINT WARNING * * *
The adder barely misses you.
Casting: Sting
Confirm with . or Enter, or press ? or * to list all spells.
You don't have enough magic to cast that spell.
Unknown command.
You die...

#...##......#...........
#####.......#...........
#.....###........... #.....#
#........... #.....#
#...........
####.>...##############
######..'.....'..# ###...
#....#.##.....##.######.....
#.##.#.##..@..##.#....'.....
#.#............#.#.####.....
##.####.....S##.#.#.# #.....
#.................#.# #.....
########......#...#.# #...[.
#......###.#.# ####..
#..........).# #..
#.....####.### ###
#........#.#


You could see an adder.

Vanquished Creatures
  3 adders (D:2)
  An ooze (D:2)
  A worm (D:2)
  2 dart slugs
  2 giant geckos
  9 bats
  3 giant cockroaches (D:2)
  7 hobgoblins
  A quokka (D:3)
  3 giant newts
  4 goblins
  10 kobolds
  7 rats
53 creatures vanquished.

Notes
Turn   | Place    | Note
--------------------------------------------------------------
     0 | D:1      | magog001 the Tengu Venom Mage began the quest for the Orb.
     0 | D:1      | Reached XP level 1. HP: 10/10 MP: 4/4
   241 | D:1      | Reached XP level 2. HP: 9/15 MP: 1/6
   735 | D:1      | Reached skill level 1 in Conjurations
   994 | D:1      | Reached XP level 3. HP: 17/19 MP: 2/7
  1049 | D:1      | Learned a level 3 spell: Mephitic Cloud
  1052 | D:1      | Learned a level 2 spell: Cure Poison
  1364 | D:2      | Found a glowing silver altar of Zin.
  1531 | D:2      | Reached XP level 4. HP: 11/24 MP: 0/8
  2380 | D:2      | Found a faded altar to an unknown god.
  2967 | D:2      | HP: 1/24 [adder (1)]
  2971 | D:2      | Succumbed to an adder's poison

Skill      XL: |  1  2  3 |
---------------+----------+-----
Conjurations   | 1 2 |  2.2
Fighting       | |  0.2
Dodging        | |  2.5
Stealth        | |  2.0
Spellcasting   | |  2.6
Poison Magic   | |  4.9

Action                   |  1- 3 |  4- 6 || total
-------------------------+-------+-------++-------
Melee: Hand axe          |    10 |       ||    10
       Kick              |     3 |     4 ||     7
       Peck              |     1 |     4 ||     5
       Unarmed           |       |    12 ||    12
Throw: Javelin           |       |     1 ||     1
 Cast: Sting             |    68 |    42 ||   110
       Cure Poison       |     1 |     3 ||     4
       Mephitic Cloud    |     1 |       ||     1
  Use: Scroll            |     1 |     1 ||     2
  Eat: Chunk             |     3 |     5 ||     8
Armor: Robe              |    15 |    10 ||    25
Dodge: Dodged            |    18 |    44 ||    62
